 Dungeon Crawl Stone Soup version 0.28.0-53-g5a82cb258f (webtiles) character file.

Game seed: 608098952464003688

3312 ILmort the Basher (level 9, -13/135 HPs)
             Began as a Minotaur Berserker on Aug 14, 2022.
             Was a Priest of Trog.
             Mangled by an orc knight
             ... wielding a +0 halberd
              (40 damage)
             ... in a bailey.
             The game lasted 00:21:59 (9042 turns).

ILmort the Basher (Minotaur Berserker)              Turns: 9042, Time: 00:22:00

Health: -13/135    AC:  9    Str: 26    XL:     9   Next: 70%
Magic:  8/8        EV: 10    Int:  4    God:    Trog [***...]
Gold:   257        SH:  0    Dex: 10    Spells: 8/8 levels left

rFire   . . .      SeeInvis .   z - +4 dire flail
rCold   . . .      Faith    .   (shield currently unavailable)
rNeg    . . .      Spirit   .   q - +1 scale mail
rPois   +          Reflect  .   (helmet restricted)
rElec   .          Harm     .   (no cloak)
rCorr   .          Rampage  .   x - +0 pair of gloves
Will    .....                   (no boots)
Stlth   ..........              j - amulet of the acrobat
HPRegen 0.32/turn               s - ring of poison resistance
MPRegen 0.11/turn               (no ring)

@: berserking (expiring), studying Fighting, very quick
A: horns 2, retaliatory headbutt
a: Renounce Religion, Berserk, Trog's Hand


You were in a bailey.
You worshipped Trog.
Trog was most pleased with you.
You visited 1 branch of the dungeon, and saw 7 of its levels.
You also visited: Bailey.

You collected 257 gold pieces.

Inventory:

Hand Weapons
 a - a +0 mace of chaos
 l - a +0 dire flail
 y - a +2 mace
 z - a +4 dire flail (weapon)
Armour
 b - a +0 animal skin
 d - a +0 ring mail
 k - +0 acid dragon scales
 q - a +1 scale mail (worn)
 w - a +0 hat
 x - a +0 pair of gloves (worn)
Jewellery
 j - an amulet of the acrobat (around neck)
 p - an amulet of reflection
 s - a ring of poison resistance (left hand)
Wands
 t - a wand of flame (27)
Scrolls
 n - 2 scrolls of immolation
 o - a scroll of enchant armour
 A - a scroll of enchant weapon
Potions
 e - 2 potions of attraction
 f - a potion of haste
 g - a potion of flight
 h - a potion of degeneration
 i - 3 potions of curing
 m - a potion of brilliance
 r - a potion of magic
 v - a potion of heal wounds


   Skills:
 * Level 11.8 Fighting
 + Level 12.1 Maces & Flails
 + Level 4.0 Armour
 - Level 2.1 Dodging


You had 8 spell levels left.
You didn't know any spells.
Your spell library was empty.

Dungeon Overview and Level Annotations

Branches:
Dungeon (7/15)             Temple (0/1) D:6          Bailey (1/1)

Altars:
Hepliaklqana
Qazlal


Innate Abilities, Weirdness & Mutations

You have a pair of horns on your head.
You reflexively headbutt those who attack you in melee.


Message History

You open the gate.
Found a manual of Fighting.
Found two gates leading back out of this place.
There is an open gate here.
You pick up a manual of Fighting and begin studying.
You open the door. 2 orc knights and 2 orc warriors come into view.
The orc warrior shouts!
The orc knight shouts! x2; The orc warrior shouts!
The orc warrior barely misses you.
The orc knight roars a battlecry!
The orcs go into a battle-frenzy!
Found a masterwork triple sword and 3 scrolls of enchant weapon.
A red film seems to cover your vision as you go berserk!
You feel yourself moving faster!
You feel mighty! The orc warrior barely misses you.
The orc knight hits you from afar with a +0 halberd!!
Okay, then.
You feel a strong urge to attack something.
The orc knight hits you with a +0 glaive.
The orc warrior hits you with a +0 trident!
The orc knight hits you with a +0 halberd!!
The orc warrior closely misses you.
There is an open door, spattered with blood here.
You bludgeon the orc warrior!! Your headbutt misses the orc warrior.
You puncture the orc knight! You headbutt the orc knight!
The orc knight closely misses you. You furiously retaliate!
You headbutt the orc knight!
The orc knight hits you with a +0 halberd!!
The orc warrior misses you.
You barely miss the orc warrior.
The orc warrior hits you from afar with a +0 bardiche!
* * * LOW HITPOINT WARNING * * *
You hit the orc warrior. You headbutt the orc warrior.
You kill the orc warrior!
Trog accepts your kill. The orc knight closely misses you.
Your Armour skill increases to level 4!
You barely miss the orc knight.
The orc knight hits you with a +0 halberd!!!
You die...

..≈##.##≈...............≈##.##≈..
..≈#.))).....................#≈..
..≈##.∩#≈...............≈#∩)##≈..
..≈≈#.##≈....#######....≈##)#≈≈..
...≈≈.≈≈≈...##....##....≈≈≈)≈≈...
...........##.....##.............
..........##..#'''##.............
..........#..##∩.∩##..##.........
.........##.####@####.##.........
.........##.')#o)o#)'.##.........
.........##.###.8o###.##.........
.........##.')#?.)#)'.##.........
.........##.#########.##.........
..........#..##)#)##..#..........
..........##..#'#'#..##..........
...........##.......##...........
...≈≈)≈≈≈...#########...≈≈≈.≈≈...


You could see 2 orc knights and an orc warrior (strong).

Vanquished Creatures
  Maggie (D:7)
  A wyvern (D:7)
  Eustachio (D:6)
  9 orc warriors
  2 ice beasts
  3 ogres
  Blork the orc (D:6)
  4 scorpions
  4 wights (D:7)
  2 howler monkeys
  A hound (D:3)
  2 jellies
  7 orc priests
  A centaur skeleton (D:6)
  2 bullfrog skeletons
  10 orc wizards
  An iguana (D:4)
  A scorpion zombie (D:5)
  A howler monkey skeleton (D:7)
  4 adders
  A shadow imp (D:7)
  2 white imps
  An adder skeleton (D:4)
  2 dart slugs (D:3)
  43 orcs
  10 ball pythons
  3 endoplasms
  A giant cockroach (D:1)
  9 goblins
  4 hobgoblins
  4 jackals (D:1)
  8 bats
  4 frilled lizards (D:1)
  6 kobolds
  2 rats (D:2)
158 creatures vanquished.

Notes
Turn   | Place    | Note
-------+----------+-------------------------------------------
     0 | D:1      | ILmort the Minotaur Berserker began the quest for the Orb.
     0 | D:1      | Reached XP level 1. HP: 19/19 MP: 0/0
     7 | D:1      | Found a stormy altar of Qazlal.
    79 | D:1      | Reached skill level 4 in Maces & Flails
   421 | D:1      | Reached XP level 2. HP: 26/26 MP: 1/1
   570 | D:1      | Found a faded altar of an unknown god.
  1040 | D:1      | Reached skill level 5 in Maces & Flails
  1466 | D:2      | Reached ** piety under Trog
  1467 | D:2      | Reached XP level 3. HP: 28/31 MP: 2/2
  2359 | D:3      | Reached skill level 6 in Maces & Flails
  2359 | D:3      | Reached XP level 4. HP: 31/39 MP: 3/3
  3195 | D:4      | Reached XP level 5. HP: 27/47 MP: 4/4
  3373 | D:4      | HP: 2/47 [poisoned by an orc wizard]
  3684 | D:4      | Found a hazy altar of Hepliaklqana.
  3728 | D:4      | Noticed an ogre
  3744 | D:4      | Killed an ogre
  3745 | D:4      | Reached skill level 5 in Fighting
  3745 | D:4      | Reached skill level 7 in Maces & Flails
  3745 | D:4      | Reached XP level 6. HP: 56/56 MP: 5/5
  4421 | D:4      | Reached skill level 8 in Maces & Flails
  4770 | D:5      | Entered Level 5 of the Dungeon
  4783 | D:5      | Reached XP level 7. HP: 59/64 MP: 6/6
  5566 | D:5      | Reached skill level 9 in Maces & Flails
  5749 | D:5      | Reached XP level 8. HP: 74/74 MP: 7/7
  5871 | D:5      | Reached *** piety under Trog
  6497 | D:6      | Reached skill level 10 in Maces & Flails
  6835 | D:6      | Found a staircase to the Ecumenical Temple.
  7041 | D:6      | Noticed Blork the orc
  7048 | D:6      | Killed Blork the orc
  7190 | D:6      | Noticed Eustachio
  7208 | D:6      | Killed Eustachio
  7499 | D:7      | Reached skill level 11 in Maces & Flails
  7519 | D:7      | Noticed Maggie
  7539 | D:7      | Killed Maggie
  7540 | D:7      | Reached skill level 10 in Fighting
  7540 | D:7      | Reached XP level 9. HP: 40/86 MP: 8/8
  7923 | D:7      | Found a flagged portal.
  7944 | Bailey   | Entered a bailey
  8747 | Bailey   | Reached skill level 12 in Maces & Flails
  9035 | Bailey   | Noticed an orc knight
  9035 | Bailey   | Noticed an orc knight
  9042 | Bailey   | Mangled by an orc knight

Illustrated notes

Levels and vault maps discovered:
D:1:      dpeg_arrival_lava_altar, layout_basic, serial_curves, eino_curves_01,
          eino_curves_02, eino_curves_02, hellmonk_ecumenical_altar_arch_garden,
          kennysheep_decorative_pillar, minmay_cut_off
D:2:      layout_basic, grunt_ministairs_7
D:3:      layout_loops_ring, serial_park_tiny_2, amethyst_killhole
D:4:      layout_loops_ring, mainiacjoe_overflow_24_doors, serial_rivers,
          chequers_serial_rivers_room_b, chequers_serial_rivers_large_a,
          chequers_serial_rivers_small_3, chequers_serial_rivers_room_a
D:5:      layout_basic
D:6:      layout_basic, minmay_temple_entry_overgrown, uniq_eustachio,
          uniq_blork_the_orc
D:7:      layout_rooms, enter_bailey_5, kennysheep_flooded_box, dk_vineyard_2,
          st_stairs_9, uniq_maggie
Bailey:   bailey_polearm_2, bailey

Skill      XL: |  1  2  3  4  5  6  7  8  9 |
---------------+----------------------------+-----
Maces & Flails | 4 5 6 7 8 9 11 12 | 12.1
Fighting       | 4 5 6 7 10 11 | 11.8
Armour         | 4 |  4.0
Dodging        | |  2.1

Action                   |  1- 3 |  4- 6 |  7- 9 || total
-------------------------+-------+-------+-------++-------
Melee: Mace              |    71 |    96 |   175 ||   342
       Headbutt          |     4 |    17 |    40 ||    61
       Punch             |     1 |       |     1 ||     2
       Dire flail        |       |       |    56 ||    56
Invok: Berserk           |       |     4 |    18 ||    22
  Use: Scroll            |       |       |    20 ||    20
 Stab: Distracted        |       |       |     1 ||     1
       Petrifying        |       |       |     1 ||     1
Armor: Ring mail         |    31 |     9 |       ||    40
       Scale mail        |       |    15 |    63 ||    78
Dodge: Dodged            |    49 |    29 |   140 ||   218
Block: Other             |     1 |    17 |    19 ||    37
       Reflection        |       |     2 |       ||     2
